 Dungeon Crawl Stone Soup version 0.29-a0-283-ga02f740833 (webtiles) character file.

Game seed: 12443797150030781267

822 Dabor the Skirmisher (level 7, -3/44 HPs)
             Began as a Gargoyle Fighter on Mar 13, 2022.
             Was a Priest of Fedhas.
             Slain by Tutankhamun's ghost (10 damage)
             ... on level 5 of the Dungeon.
             The game lasted 00:07:38 (5795 turns).

Dabor the Skirmisher (Gargoyle Fighter)             Turns: 5795, Time: 00:07:39

Health: -3/44      AC: 22    Str: 21    XL:     7   Next: 95%
Magic:  9/9        EV: 10    Int:  9    God:    Fedhas [***...]
Gold:   369        SH:  4    Dex:  9    Spells: 6/6 levels left

rFire   . . .      SeeInvis .   t - +2 mace (protect)
rCold   + . .      Faith    .   c - +0 buckler
rNeg    + . .      Spirit   .   b - +0 scale mail
rPois   ∞          Reflect  .   (no helmet)
rElec   +          Harm     .   f - +0 cloak
rCorr   .          Rampage  .   e - +0 pair of gloves
Will    +....                   s - +0 pair of boots
Stlth   ..........              (no amulet)
HPRegen 0.14/turn               g - ring of protection from cold
MPRegen 0.11/turn               q - ring of willpower

@: under a protective aura, hasted, studying Maces & Flails, invisible, very
quick
A: sickness immunity, AC +4, negative energy resistance 1, electricity
resistance, torment resistance 1, petrification resistance
a: Renounce Religion, Wall of Briars, Grow Ballistomycete


You were on level 5 of the Dungeon.
You worshipped Fedhas.
Fedhas was most pleased with you.
You visited 1 branch of the dungeon, and saw 5 of its levels.

You collected 369 gold pieces.

Inventory:

Hand Weapons
 i - a +2 whip of venom
 t - a +2 mace of protection (weapon)
Armour
 b - a +0 scale mail (worn)
 c - a +0 buckler (worn)
 e - a +0 pair of gloves (worn)
 f - a +0 cloak (worn)
 s - a +0 pair of boots (worn)
Jewellery
 a - a ring of magical power
 g - a ring of protection from cold (left hand)
 q - a ring of willpower (right hand)
Wands
 d - a wand of iceblast (6)
Scrolls
 j - 2 scrolls of amnesia
 k - 2 scrolls of blinking
 m - a scroll of enchant weapon {unknown}
 n - 3 scrolls of identify
 o - 2 scrolls of teleportation {unknown}
 r - a scroll of noise {unknown}
Potions
 p - a potion of resistance {unknown}
 u - a potion of attraction {unknown}
 v - a potion of curing {unknown}
 w - 2 potions of degeneration {unknown}
 x - a potion of lignification {unknown}


   Skills:
 + Level 5.1 Fighting
 + Level 4.8 Maces & Flails
 + Level 5.1 Armour
 + Level 2.4 Dodging
 + Level 5.1 Shields
 + Level 3.3 Invocations


You had 6 spell levels left.
You didn't know any spells.
Your spell library contained the following spells:

 Spells                   Type           Power      Damage    Failure   Level
 Blink                    Tloc           0%         N/A       90%         2
 Ignite Poison            Fire/Tmut/Pois 0%         N/A       99%         3
 Lesser Beckoning         Tloc           0%         N/A       99%         3
 Mephitic Cloud           Conj/Pois/Air  0%         N/A       99%         3
 Freezing Cloud           Conj/Ice/Air   0%         6-21      100%        5
 Manifold Assault         Tloc           0%         N/A       100%        5


Dungeon Overview and Level Annotations

Branches:
Dungeon (5/15)
 Temple: D:4-7

Altars:
Fedhas

Annotations:
D:5 1 runed translucent door, Tutankhamun's ghost, novice TrFi


Innate Abilities, Weirdness & Mutations

You are immune to sickness and miasma.
Your stone body is resilient. (AC +4)
You are immune to poison.
You resist negative energy. (rN+)
You are resistant to electric shocks. (rElec)
You are resistant to unholy torment.
You are immune to petrification.


Message History

You closely miss the ufetubus.
The ufetubus is lightly wounded.
The ufetubus hits you but does no damage.
The ufetubus barely misses you. The ufetubus misses you.
The ufetubus closely misses you.
You hit the ufetubus.
The ufetubus is almost dead.
The ufetubus hits you. x2
The ufetubus hits you but does no damage.
The ufetubus barely misses you.
You sock the ufetubus!
You kill the ufetubus!
Fedhas accepts your kill.
No reachable target in view!
Press: ? - help, v - describe, . - travel
Here: Tutankhamun's ghost (fire blocked by a translucent stone wall) Some shallow water.
You open the door. You sock Tutankhamun's ghost!
Your weapon exudes an aura of protection.
Tutankhamun's ghost is lightly damaged.
Tutankhamun's ghost hits you but does no damage.
Tutankhamun's ghost hits you.
You closely miss Tutankhamun's ghost.
Tutankhamun's ghost is lightly damaged.
Tutankhamun's ghost hits you!
It was a potion of haste.
You feel yourself speed up. Tutankhamun's ghost barely misses you.
You sock Tutankhamun's ghost!
Your weapon exudes an aura of protection.
Tutankhamun's ghost is moderately damaged.
Tutankhamun's ghost hits you!
* * * LOW HITPOINT WARNING * * *
It was a potion of invisibility.
You fade into invisibility!
You hit Tutankhamun's ghost but do no damage.
Tutankhamun's ghost is moderately damaged.
Tutankhamun's ghost hits you!
You die...
Fedhas appreciates your contribution to the ecosystem.

#.............####.....#...#..
#.###########........#...#...#
#.# ######.#...#...#.. #.#
#.....#...#...# ###.#
#...#...#...#.. #...#
######.#...#...#...# #.###
#..?.....#...#...#.. #.#
#.#.###....#...#...# #.# #
#@.##..#...#...#.. #.#
#WS.#...[#...#...# #.#
##'######..#..[#.. #.# #r≈r#
###..#.... #.# #≈r≈# ###.#..#
#.# #≈≈≈# ###..# #.# #≈≈≈#
#..# #.# #≈/≈# #..# #.# #≈≈≈#
...#


You could see Tutankhamun's ghost (can't see you), an adder (can't see you), a
quokka (can't see you) and 2 rats.

Vanquished Creatures
  Sigmund (D:4)
  2 centaurs (D:5)
  A howler monkey (D:5)
  2 orc priests
  4 iguanas
  An orc wizard (D:5)
  8 gnolls
  9 adders
  An ufetubus (D:5)
  A worm (D:2)
  3 dart slugs
  13 orcs
  7 bats
  11 endoplasms
  3 giant cockroaches
  10 goblins
  2 hobgoblins
  3 jackals (D:1)
  3 quokkas
  7 ball pythons
  7 frilled lizards
  5 kobolds
  2 quokka zombies (D:4)
  6 rats
112 creatures vanquished.

Notes
Turn   | Place    | Note
-------+----------+-------------------------------------------
     0 | D:1      | Dabor the Gargoyle Fighter began the quest for the Orb.
     0 | D:1      | Reached XP level 1. HP: 14/14 MP: 1/1
   157 | D:1      | Reached XP level 2. HP: 14/19 MP: 2/2
   473 | D:1      | You fall into a shaft and drop 1 floor!
   687 | D:1      | Reached XP level 3. HP: 23/23 MP: 3/3
   762 | D:1      | Found a faded altar of an unknown god.
   900 | D:1      | Prayed at the altar of an unknown god.
   900 | D:1      | Became a worshipper of Fedhas Madash
   900 | D:1      | Reached * piety under Fedhas
  1864 | D:2      | Reached XP level 4. HP: 25/29 MP: 4/4
  2209 | D:2      | Reached skill level 1 in Invocations
  2489 | D:3      | Reached ** piety under Fedhas
  2538 | D:3      | Reached XP level 5. HP: 33/33 MP: 5/5
  2741 | D:3      | Reached skill level 1 in Dodging
  3571 | D:4      | Reached XP level 6. HP: 28/38 MP: 7/7
  3586 | D:4      | Identified a scroll of acquirement
  3587 | D:4      | Acquired a manual of Maces & Flails
  3815 | D:4      | Reached *** piety under Fedhas
  4157 | D:4      | Found a sand-covered staircase.
  4335 | D:4      | Noticed Sigmund
  4346 | D:4      | Killed Sigmund
  4347 | D:4      | Reached XP level 7. HP: 29/44 MP: 7/9
  4909 | D:5      | Entered Level 5 of the Dungeon
  5189 | D:5      | Found a runed translucent door.
  5192 | D:5      | Noticed Tutankhamun's ghost (novice TrFi)
  5319 | D:5      | Reached skill level 5 in Fighting
  5319 | D:5      | Reached skill level 5 in Shields
  5422 | D:5      | Reached skill level 5 in Armour
  5778 | D:5      | Found a runed translucent door.
  5795 | D:5      | Slain by Tutankhamun's ghost

Illustrated notes

Levels and vault maps discovered:
D:1:      scummos_arrival_forest, layout_basic,
          chequers_ecumenical_altar_simple, due_unseen_surprise
D:2:      layout_loops_ring
D:3:      layout_basic
D:4:      layout_cave_pods, enter_ossuary_4, uniq_sigmund
D:5:      layout_loops_ring, ebering_ghost_sewer_f, hangedman_decor_push,
          hex_medium

Skill      XL: |  1  2  3  4  5  6  7 |
---------------+----------------------+-----
Invocations    | 1 2 3 |  3.3
Shields        | 4 5 |  5.1
Fighting       | 4 5 |  5.1
Armour         | 4 5 |  5.1
Dodging        | 1 2 |  2.4
Maces & Flails | 3 4 |  4.8

Action                   |  1- 3 |  4- 6 |  7- 9 || total
-------------------------+-------+-------+-------++-------
Melee: Flail             |    56 |       |       ||    56
       Whip              |    61 |   134 |       ||   195
       Mace              |       |    79 |    84 ||   163
  Use: Scroll            |       |     4 |       ||     4
       Potion            |       |     1 |     2 ||     3
Armor: Scale mail        |    68 |   117 |    63 ||   248
Dodge: Dodged            |    57 |   106 |    64 ||   227
Block: Buckler           |    22 |    49 |    22 ||    93

Table legend: (Time is in decaauts)
 A = Elapsed time spent in this place.
 B = Non-inter-level travel time spent in this place.
 C = Inter-level travel time spent in this place.
 D = Time resting spent in this place.
 E = Time spent auto-exploring this place.
 F = Levels seen in this place.
 G = Mean time per level.
                   A        B        C        D        E       F      G
               +--------+--------+--------+--------+--------+-----+--------+
         Total |   5854 |   5666 |    188 |    758 |   4011 |   5 | 1170.8 |
       Dungeon |   5854 |   5666 |    188 |    758 |   4011 |   5 | 1170.8 |
               +--------+--------+--------+--------+--------+-----+--------+

Top non-repeatable levels by time:
     D:1: 1543 daAuts
     D:4: 1367 daAuts
     D:3: 1079 daAuts
     D:2: 963 daAuts
     D:5: 900 daAuts
